 Dungeon Crawl Stone Soup version 0.30.1-11-g7821555f0a (webtiles) character file.

Game seed: 12257309407817587807

30 Dordric the Chopper (level 3, -2/31 HPs)
             Began as a Hill Orc Monk on Nov 2, 2023.
             Slain by a gnoll
             ... wielding a +0 whip
              (4 damage)
             ... on level 1 of the Dungeon.
             The game lasted 00:00:53 (635 turns).

Dordric the Chopper (Hill Orc Monk)                  Turns: 635, Time: 00:00:54

Health: -2/31      AC:  2    Str: 15    XL:     3   Next: 20%
Magic:  3/3        EV: 12    Int: 10    God:
Gold:   59         SH:  3    Dex: 13    Spells: 2/2 levels left

rFire   . . .        a - +0 hand axe
rCold   . . .        g - +0 buckler
rNeg    . . .        b - +0 robe
rPois   .            (no helmet)
rElec   .            (no cloak)
rCorr   .            (no gloves)
SInv    .            (no boots)
Will    .....        (no amulet)
Stlth   +            (no ring)
HPRegen 0.25/turn    (no ring)
MPRegen 0.08/turn

%: no passive effects
@: no status effects
A: no striking features
a: no special abilities


You were on level 1 of the Dungeon.
You visited 1 branch of the dungeon, and saw 2 of its levels.

You collected 59 gold pieces.

Inventory:

Hand Weapons
 a - a +0 hand axe (weapon)
Armour
 b - a +0 robe (worn)
 d - an orb of light
 g - a +0 buckler (worn)
Scrolls
 e - 2 scrolls of identify {unknown}
 f - a scroll of fog {unknown}
 h - a scroll of amnesia {unknown}
 j - a scroll of teleportation {unknown}
Potions
 c - a potion of ambrosia
 i - a potion of brilliance {unknown}
 k - 3 potions of curing {unknown}


   Skills:
 - Level 3.6 Fighting
 + Level 5.6 Axes
 - Level 2.4 Dodging


You had 2 spell levels left.
You didn't know any spells.
Your spell library contained the following spells:

 Spells                   Type           Power      Damage    Failure   Level
 Beastly Appendage        Tmut           0%         N/A       45%         1
 Wereblood                Tmut           0%         N/A       61%         2
 Spider Form              Tmut/Pois      0%         N/A       83%         3


Dungeon Overview and Level Annotations

Branches:
Dungeon (2/15)

Altars:


Message History

The gnoll completely misses you.
A frilled lizard comes into view.
The gnoll hits you from afar with a +0 spear!
There is a stone staircase leading up here.
The gnoll misses you.
There is a stone staircase leading up here.
The gnoll hits you with a +0 spear. The gnoll misses you.
You climb upwards.
There is a stone staircase leading down here.
You hit the gnoll.
The gnoll is lightly wounded.
You closely miss the gnoll. The gnoll hits you with a +0 spear.
The gnoll hits you with a +0 whip.
You barely miss the gnoll.
The gnoll is lightly wounded.
You barely miss the gnoll. The gnoll closely misses you.
The gnoll hits you with a +0 whip!
* * * LOW HITPOINT WARNING * * *
You are too injured to fight recklessly!
You are too injured to fight recklessly!
You are too injured to fight recklessly!
You are too injured to fight recklessly!
You are too injured to fight recklessly!
You are too injured to fight recklessly!
You are too injured to fight recklessly!
You are too injured to fight recklessly!
You are too injured to fight recklessly!
You hit the gnoll.
The gnoll is moderately wounded.
You closely miss the gnoll. The gnoll misses you. You block the gnoll's attack.
You barely miss the gnoll.
The gnoll is moderately wounded.
You hit the gnoll. The gnoll hits you with a +0 whip.
* * * LOW HITPOINT WARNING * * *
The gnoll hits you with a +0 spear.
* * * LOW HITPOINT WARNING * * *
You hit the gnoll.
The gnoll is heavily wounded.
You closely miss the gnoll. The gnoll hits you with a +0 whip.
You die...

.................................
.......................^.........
..........###.##.................
........#.....##..##.............
........#..######)##........>....
.......†#########..#............#
.................#.#............#
#.....##########g#..............#
####### #@g..............#
##########.......# #.......#
#.......# ######### # # #


You could see 2 gnolls.

Vanquished Creatures
  2 dart slugs
  4 endoplasms
  4 goblins
  3 hobgoblins
  3 kobolds
  3 ball pythons
  3 bats (D:1)
  4 rats
26 creatures vanquished.

Notes
Turn   | Place    | Note
-------+----------+-------------------------------------------
     0 | D:1      | Dordric the Hill Orc Monk began the quest for the Orb.
     0 | D:1      | Reached XP level 1. HP: 19/19 MP: 1/1
     3 | D:1      | Noticed an electric eel
     4 | D:1      | Noticed an electric eel
    76 | D:1      | Reached XP level 2. HP: 22/26 MP: 2/2
    89 | D:1      | Reached skill level 5 in Axes
   443 | D:2      | Reached XP level 3. HP: 27/31 MP: 3/3
   635 | D:1      | Slain by a gnoll

Illustrated notes

Levels and vault maps discovered:
D:1:      arrival_aquarium_b, layout_rooms
D:2:      layout_loops_cross, serial_shops, shop

Skill      XL: |  1  2 |
---------------+-------+-----
Axes           | 5 |  5.6
Fighting       | |  3.6
Dodging        | |  2.4

Action                     || total
---------------------------++-------
  Melee: Hand axe          ||    70
   Stab: Sleeping          ||     1
 Armour: Robe              ||    10
  Dodge: Dodged            ||    45
  Block: Buckler           ||     7
